 Dungeon Crawl Stone Soup version 0.31-b1-20-g67cafac56d (webtiles) character file.

Game seed: 2119509660811067641

1 Esekla the Sneak (level 1, -2/16 HPs)
             Began as an Octopode Delver on Jan 17, 2024.
             Slain by a lemure (9 damage)
             ... led by Pikel
             ... on level 5 of the Dungeon.
             The game lasted 00:01:20 (108 turns).

Esekla the Sneak (Octopode Delver)                   Turns: 108, Time: 00:01:21

Health: -2/16      AC:  1    Str: 11    XL:     1   Next: 20%
Magic:  1/1        EV: 13    Int: 12    God:
Gold:   26         SH:  0    Dex: 13    Spells: 0/0 levels left

rFire   . . .        a - +0 falchion
rCold   . . .        (no shield)
rNeg    . . .        (helmet restricted)
rPois   .            (no amulet)
rElec   .            (no ring)
rCorr   .            (no ring)
SInv    .            (no ring)
Will    .....        (no ring)
Stlth   ++++         (no ring)
HPRegen 0.22/turn    (no ring)
MPRegen 0.07/turn    (no ring)
                     (no ring)

%: no passive effects
@: hasted, very quick
A: almost no armour, amphibious, 8 rings, camouflage 1, gelatinous body 1,
(nimble swimmer 1), tentacles
a: no special abilities


You were on level 5 of the Dungeon.
You visited 1 branch of the dungeon, and saw 1 of its levels.

You collected 26 gold pieces.

Inventory:

Hand Weapons
 a - a +0 falchion (weapon)
Wands
 f - a wand of digging (3)
Scrolls
 b - a scroll of fog
Potions
 c - a potion of might {unknown}


   Skills:
 * Level 3.0 Fighting
 * Level 2.0 Long Blades
 * Level 2.0 Dodging
 + Level 6.6 Stealth


You couldn't memorise any spells.
You didn't know any spells.
Your spell library was empty.

Dungeon Overview and Level Annotations

Branches:
Dungeon (5/15)
 Temple: D:4-7

Altars:

Annotations:
D:5 Ijyb, Pikel


Innate Abilities, Weirdness & Mutations

You cannot wear most types of armour.
You are amphibious.
You can wear up to eight rings at the same time.
Your skin changes colour to match your surroundings (Stealth+).
Your rubbery body absorbs attacks. (AC +1, EV +1)
((You are camouflaged when in or above water. (Stealth+)))
You have tentacles for arms and can constrict up to eight enemies at once.


Message History

Ijyb screams, "I dance on your bones!"
Ijyb zaps a wand.
The roots erupt in riotous growth!
The grasping roots grab you! The grasping roots constrict you.
You hear an angry hiss.
You hear a shout! x5
As you read the scroll of fear, it crumbles to dust.
You assume a fearsome visage.
Ijyb looks frightened!
The roots lose their grip on you.
You see here a white potion.
c - a white potion A jelly, an adder and a scorpion come into view.
Found a stone staircase leading up.
You hit the scorpion but do no damage. You grab the scorpion.
You constrict the scorpion, but do no damage.
The scorpion stings you!
A bombardier beetle comes into view.
The scorpion stings you.
* * * LOW HITPOINT WARNING * * *
You feel yourself speed up.
You constrict the scorpion.
A lemure comes into view.
The scorpion misses you. The adder barely misses you.
You release your grip on the scorpion.
The scorpion attacks as it pursues you! The scorpion barely misses you.
An ufetubus comes into view.
A sleepcap comes into view.
An ice beast comes into view.
The lemure attacks as it pursues you! The lemure misses you.
The sleepcap moves out of view.
A lemure comes into view.
Pikel, Merchant of Souls comes into view.
He is wielding a +0 whip of flaming and carrying a wand of charming.
Pikel shouts!
You hear a shout!
A lemure comes into view.
Pikel says, "You'll feel the lick of my whip!"
You miss the lemure. Your grab misses the lemure. The lemure barely misses you.
The lemure barely misses you.
A lemure comes into view.
Found a stone staircase leading up.
The lemure attacks as it pursues you! The lemure hits you but does no damage.
The lemure hits you!
Ouch! That really hurt!
You die...

***...#....5.##..#
#####.#.Ss.s.....#
#.....5.#..##.....
#.......#..##.....
##.###5..#...#.....
###..K55...###.......
#....##Y.### *...##..
#..........#*#....#..
#.<#@5.###...#.##....
####....#*......*....
#..........#**,,,,
**#..........#,,,,,*
*,............,,,,**
**...#..#..,*,*,,,,,
*####.##..,*,*,,,,,
*##***,,,,**,,,
***,,,,,,,,,,,


You could see Pikel, an ice beast and a lemure.

Vanquished Creatures
  A jackal (D:5)
1 creature vanquished.

Notes
Turn   | Place    | Note
-------+----------+-------------------------------------------
     0 | D:5      | Esekla the Octopode Delver began the quest for the Orb.
     0 | D:5      | Reached XP level 1. HP: 16/16 MP: 1/1
    34 | D:5      | Noticed an orc wizard
    40 | D:5      | Noticed an iguana
    71 | D:5      | Noticed Ijyb
    81 | D:5      | Noticed a jelly
    81 | D:5      | Noticed a scorpion
    82 | D:5      | Noticed a bombardier beetle
    83 | D:5      | Noticed a lemure
    93 | D:5      | Noticed a sleepcap
    93 | D:5      | Noticed an ice beast
    98 | D:5      | Noticed a lemure
    98 | D:5      | Noticed Pikel
   101 | D:5      | Noticed a lemure
   103 | D:5      | Noticed a lemure
   108 | D:5      | Slain by a lemure

Illustrated notes

Levels and vault maps discovered:
D:5:      kennysheep_kobold_camp, layout_cave_pools, okawaru_gym_becter,
          uniq_ijyb, uniq_pikel

Action                     || total
---------------------------++-------
  Melee: Falchion          ||     4
         Constrict         ||     2
    Use: Scroll            ||     2
         Potion            ||     1
 Armour: Skin              ||     4
  Dodge: Dodged            ||     8
